 Dungeon Crawl Stone Soup version 0.31.0-32-g396128a36d (webtiles) character file.

Game seed: 1382836841090916038

184 monsoonserge the Ruffian (level 5, 0/41 HPs)
             Began as a Gnoll Shapeshifter on Mar 9, 2024.
             Killed from afar by Duvessa (6 damage)
             ... with a puff of flame
             ... on level 4 of the Dungeon.
             The game lasted 00:05:20 (2817 turns).

monsoonserge the Ruffian (Gnoll Shapeshifter)       Turns: 2817, Time: 00:05:21

Health: 0/41       AC:  4    Str: 13    XL:     5   Next: 63%
Magic:  7/7        EV: 19    Int: 10    God:
Gold:   148        SH:  5    Dex: 14    Spells: 7/7 levels left

rFire   . .          .
                       - Unarmed
rCold   . . .        (no shield)
rNeg    . . .        y - +2 robe of the Doldrums {Str-2 Dex+3}
rPois   .            (helmet currently unavailable)
rElec   .            (cloak currently unavailable)
rCorr   +            (gloves currently unavailable)
SInv    .            (boots currently unavailable)
Will    .....        f - amulet of reflection
Stlth   ++           h - +5 ring of evasion
HPRegen 0.26/turn    A - ring of resist corrosion
MPRegen 0.10/turn

%: reflection
@: beast-form
A: beast (slay +3), fangs 1, strong nose, distributed training
a: Begin Untransformation


You were on level 4 of the Dungeon.
You were a hulking beast.
You visited 1 branch of the dungeon, and saw 4 of its levels.

You collected 148 gold pieces.

Inventory:

Missiles
 e - 4 boomerangs
 j - 2 poisoned darts (quivered)
Armour
 a - a +0 animal skin
 m - a +0 leather armour
 q - a +0 ring mail
 r - a +0 scale mail
 y - the +2 robe of the Doldrums (worn) {Str-2 Dex+3}
   (You found it on level 3 of the Dungeon)

   Str-2:     It affects your strength (-2).
   Dex+3:     It affects your dexterity (+3).
Jewellery
 f - an amulet of reflection (around neck)
 h - a +5 ring of evasion (left hand)
 A - a ring of resist corrosion (right hand)
Talismans
 c - a beast talisman (active)
 d - a flux talisman
Wands
 p - a wand of charming (6)
Scrolls
 g - a scroll of vulnerability {unknown}
 k - a scroll of revelation {unknown}
 l - 2 scrolls of teleportation
 n - a scroll of immolation {unknown}
 s - 4 scrolls of identify {unknown}
 u - a scroll of brand weapon {unknown}
 w - a scroll of fog {unknown}
Potions
 b - a potion of lignification
 i - a potion of brilliance {unknown}
 o - a potion of haste {unknown}
 t - 2 potions of degeneration {unknown}
 v - a potion of might {unknown}
 x - a potion of curing {unknown}
 z - a potion of cancellation {unknown}


   Skills:
 + Level 3.1 Fighting
 + Level 1.6 Short Blades
 + Level 1.6 Long Blades
 + Level 1.6 Axes
 + Level 1.6 Maces & Flails
 + Level 1.6 Polearms
 + Level 1.6 Staves
 + Level 1.6 Ranged Weapons
 + Level 1.6 Throwing
 + Level 1.6 Armour
 + Level 4.8 Dodging
 + Level 1.6 Stealth
 + Level 1.6 Shields
 + Level 6.7 Unarmed Combat
 + Level 1.6 Spellcasting
 + Level 1.3 Conjurations
 + Level 1.3 Hexes
 + Level 1.3 Summonings
 + Level 1.3 Necromancy
 + Level 1.3 Translocations
 + Level 1.3 Fire Magic
 + Level 1.3 Ice Magic
 + Level 1.3 Air Magic
 + Level 1.3 Earth Magic
 + Level 1.3 Alchemy
 + Level 1.9 Invocations
 + Level 1.6 Evocations
 + Level 6.7 Shapeshifting


You had 7 spell levels left.
You didn't know any spells.
Your spell library contained the following spells:

 Spells                   Type           Power      Damage    Failure   Level
 Lesser Beckoning         Tloc           6%         N/A       28%         2
 Gell's Gravitas          Tloc           3%         N/A       50%         3
 Inner Flame              Hex/Fire       3%         N/A       50%         3
 Teleport Other           Tloc           3%         N/A       50%         3
 Flame Wave               Conj/Fire      3%         2d5       88%         4
 Sticky Flame             Fire/Alch      3%         2d4       88%         4


Dungeon Overview and Level Annotations

Branches:
Dungeon (4/15)
 Temple: D:4-7

Altars:
Zin

Annotations:
D:4 Dowan, Duvessa


Innate Abilities, Weirdness & Mutations

You are a hulking beast.
Your limbs bulge with bestial killing power. (Slay +3)
You have very sharp teeth.
Your uncanny sense of smell can sniff out nearby items.
Your experience applies equally to all skills.


Message History

The hound misses you.
You punch the hound!
You kill the hound!
You see here a hound corpse.
Found an escape hatch in the floor.
Found a robe.
You see here a staff of cold.
A goblin comes into view. It is wielding a +0 club.
The goblin shouts!
You block the goblin's attack.
You hit the goblin.
You kill the goblin!
Things that are here:
a +0 club; a goblin corpse Dowan, Brother of Duvessa comes into view.
He is wielding a +0 dagger.
Duvessa and a gnoll come into view.
Duvessa is wielding a +0 short sword and carrying a wand of flame.
Dowan shouts!
Duvessa shouts!
You hear a shout!
A gnoll bouda comes into view. It is wielding a +0 club.
Dowan gestures at you while chanting. The puff of flame hits you!
Unknown command.
Press: ? - help, v - describe, . - travel The floor.
Unknown command.
Unknown command.
Unknown command.
Dowan smirks and points a slender finger.
Dowan casts a spell at Duvessa.
Duvessa seems to speed up.
Press: ? - help, v - describe, . - travel
Here: Duvessa, wielding a +0 short sword, wearing a +0 scale mail and carrying a wand of flame (fast)
The floor.
Dowan casts a spell at you. The puff of frost hits you!
Duvessa zaps a wand.
The puff of flame hits you!
Duvessa zaps a wand.
The puff of flame hits you!
* * * LOW HITPOINT WARNING * * *
Duvessa zaps a wand.
The puff of flame hits you.
You die...

.........g.............
...........e...........
.....#####..........#
..... #...e......# .
#.#. ... #...g......#..
. +......+.............
......######....##..
#......# #....# .
.##......# #h...#
.##.........####....#
....................#
....[...........#####
................#
...........#######
....>............#
.................#
.................#


You could see Duvessa (fast).

Vanquished Creatures
  A hound (D:4)
  A jelly (D:3)
  An orc priest (D:3)
  3 gnolls
  4 dart slugs
  3 orcs (D:3)
  3 bats
  6 endoplasms
  2 giant cockroaches
  4 hobgoblins
  2 jackals (D:2)
  3 kobolds
  A quokka (D:3)
  4 ball pythons
  8 frilled lizards
  6 goblins
  3 rats
55 creatures vanquished.

Notes
Turn   | Place    | Note
-------+----------+-------------------------------------------
     0 | D:1      | monsoonserge the Gnoll Shapeshifter began the quest for the
                  | Orb.
     0 | D:1      | Reached XP level 1. HP: 17/17 MP: 1/1
   310 | D:1      | Reached XP level 2. HP: 21/23 MP: 2/2
  1130 | D:2      | Reached XP level 3. HP: 24/28 MP: 3/3
  1271 | D:2      | Reached skill level 1 in Invocations
  1774 | D:2      | Reached skill level 1 in Short Blades
  1774 | D:2      | Reached skill level 1 in Long Blades
  1774 | D:2      | Reached skill level 1 in Axes
  1774 | D:2      | Reached skill level 1 in Maces & Flails
  1774 | D:2      | Reached skill level 1 in Polearms
  1774 | D:2      | Reached skill level 1 in Staves
  1774 | D:2      | Reached skill level 1 in Ranged Weapons
  1774 | D:2      | Reached skill level 1 in Throwing
  1774 | D:2      | Reached skill level 1 in Armour
  1774 | D:2      | Reached skill level 1 in Stealth
  1774 | D:2      | Reached skill level 1 in Shields
  1774 | D:2      | Reached skill level 1 in Spellcasting
  1774 | D:2      | Reached skill level 1 in Evocations
  1783 | D:2      | Reached XP level 4. HP: 34/34 MP: 5/5
  1992 | D:3      | Found a glowing silver altar of Zin.
  2112 | D:3      | Reached skill level 1 in Conjurations
  2112 | D:3      | Reached skill level 1 in Hexes
  2112 | D:3      | Reached skill level 1 in Summonings
  2112 | D:3      | Reached skill level 1 in Necromancy
  2112 | D:3      | Reached skill level 1 in Translocations
  2112 | D:3      | Reached skill level 1 in Fire Magic
  2112 | D:3      | Reached skill level 1 in Ice Magic
  2112 | D:3      | Reached skill level 1 in Air Magic
  2112 | D:3      | Reached skill level 1 in Earth Magic
  2112 | D:3      | Reached skill level 1 in Alchemy
  2143 | D:3      | Identified the +2 robe of the Doldrums {Str-2 Dex+3}
  2183 | D:3      | Reached XP level 5. HP: 21/40 MP: 7/7
  2804 | D:4      | Noticed Dowan
  2805 | D:4      | Noticed Duvessa
  2817 | D:4      | Killed from afar by Duvessa

Illustrated notes

Levels and vault maps discovered:
D:1:      wheals_arrival_shading, layout_loops_corners
D:2:      layout_basic
D:3:      layout_basic, zin_treasury, st_stairs_7
D:4:      layout_basic, chequers_temple_overflow_minitemple,
          minmay_temple_entry_crystal_x, serial_shops, nicolae_shop_drivethru,
          uniq_duvessa

Skill      XL: |  1  2  3  4  5 |
---------------+----------------+-----
Invocations    | 1 |  1.9
Short Blades   | 1 |  1.6
Long Blades    | 1 |  1.6
Axes           | 1 |  1.6
Maces & Flails | 1 |  1.6
Polearms       | 1 |  1.6
Staves         | 1 |  1.6
Ranged Weapons | 1 |  1.6
Throwing       | 1 |  1.6
Armour         | 1 |  1.6
Stealth        | 1 |  1.6
Shields        | 1 |  1.6
Spellcasting   | 1 |  1.6
Evocations     | 1 |  1.6
Conjurations   | 1 |  1.3
Hexes          | 1 |  1.3
Summonings     | 1 |  1.3
Necromancy     | 1 |  1.3
Translocations | 1 |  1.3
Fire Magic     | 1 |  1.3
Ice Magic      | 1 |  1.3
Air Magic      | 1 |  1.3
Earth Magic    | 1 |  1.3
Alchemy        | 1 |  1.3
Fighting       | 3 |  3.1
Dodging        | |  4.8
Unarmed Combat | |  6.7
Shapeshifting  | |  6.7

Action                     |  1- 3 |  4- 6 || total
---------------------------+-------+-------++-------
  Melee: Unarmed           |    57 |    48 ||   105
         Bite              |     2 |     3 ||     5
         Punch             |     2 |     1 ||     3
    Use: Scroll            |     1 |       ||     1
   Stab: Sleeping          |     2 |       ||     2
 Armour: Animal skin       |     5 |       ||     5
         Skin              |     1 |       ||     1
         Scale mail        |    11 |    14 ||    25
         Robe              |       |     7 ||     7
  Dodge: Dodged            |    27 |    24 ||    51
  Block: Other             |     9 |     9 ||    18
         Reflection        |     1 |       ||     1
   Form: Flux              |     4 |     1 ||     5
         Beast             |     4 |     1 ||     5
                           |     1 |       ||     1
